 Dungeon Crawl Stone Soup version 0.29-a0-330-g52719c12eb (webtiles) character file.

Game seed: 14348522401288622558

1716 tilp the Spear-Bearer (level 9, -20/69 HPs)
             Began as a Merfolk Gladiator on May 30, 2022.
             Was an Initiate of Hepliaklqana.
             Demolished by a komodo dragon (23 damage)
             ... on level 6 of the Dungeon.
             The game lasted 00:12:06 (5668 turns).

tilp the Spear-Bearer (Merfolk Gladiator)           Turns: 5668, Time: 00:12:06

Health: -20/69     AC: 11    Str: 25    XL:     9   Next: 4%
Magic:  9/9        EV: 13    Int:  7    God:    Hepliaklqana [......]
Gold:   273        SH:  0    Dex: 15    Spells: 8/8 levels left

rFire   . . .      SeeInvis .   b - +1 glaive (vorpal)
rCold   . . .      Faith    .   (shield currently unavailable)
rNeg    . . .      Spirit   .   s - +1 ring mail "Vilitromn" {Will+}
rPois   .          Reflect  .   c - +1 helmet
rElec   .          Harm     .   (no cloak)
rCorr   .          Rampage  .   o - +0 pair of gloves
Will    +....                   w - +1 pair of boots {Stlth+}
Stlth   +++.......              (no amulet)
HPRegen 0.21/turn               q - +6 ring of strength
MPRegen 0.11/turn               (no ring)

@: no status effects
A: (nimble swimmer 2), mertail
a: Renounce Religion


You were on level 6 of the Dungeon.
You worshipped Hepliaklqana.
Hepliaklqana was noncommittal.
You visited 2 branches of the dungeon, and saw 7 of its levels.
You also visited: Sewer.

You collected 273 gold pieces.

Inventory:

Hand Weapons
 a - a +3 spear of venom
 b - a +1 vorpal glaive (weapon)
 l - a +0 halberd
 v - a +1 trident
Missiles
 d - a throwing net (quivered)
 e - 3 javelins
 f - 180 stones
 u - 5 boomerangs
Armour
 c - a +1 helmet (worn)
 g - a +0 plate armour
 o - a +0 pair of gloves (worn)
 s - the +1 ring mail "Vilitromn" (worn) {Will+}
   (You found it on level 3 of the Dungeon)

   Will:      It increases your willpower.
 w - a +1 pair of boots of stealth (worn)
Jewellery
 q - a +6 ring of strength (left hand)
Wands
 j - a wand of mindburst (3)
Scrolls
 k - 2 scrolls of teleportation
 z - a scroll of acquirement
Potions
 h - a potion of might
 i - 2 potions of flight
 m - 2 potions of cancellation
 n - a potion of curing
 p - a potion of haste
 r - a potion of invisibility {unknown}
 x - a potion of brilliance {unknown}


   Skills:
 - Level 6.0 Fighting
 * Level 10.2 Polearms
 + Level 3.7 Throwing
 + Level 5.7 Dodging
 + Level 3.5 Stealth
 - Level 4.0 Evocations


You had 8 spell levels left.
You didn't know any spells.
Your spell library contained the following spells:

 Spells                   Type           Power      Damage    Failure   Level
 Slow                     Hex            0%         N/A       58%         1
 Confusing Touch          Hex            0%         N/A       91%         3
 Stone Arrow              Conj/Erth      0%         3d7       91%         3
 Vampiric Draining        Necr           0%         2d6       91%         3
 Animate Armour           Summ/Erth      0%         N/A       100%        4
 Lehudib's Crystal Spear  Conj/Erth      0%         10d2      100%        8


Dungeon Overview and Level Annotations

Branches:
Dungeon (6/15)             Temple (1/1) D:5           Sewer (visited)

Altars:
Ashenzari
Cheibriados
Dithmenos
Elyvilon
Fedhas
Gozag
Hepliaklqana
Makhleb
Nemelex Xobeh
Okawaru
Qazlal
Ru
Sif Muna
Trog
Uskayaw
Vehumet
Wu Jian
Xom
Yredelemnul
Zin
The Shining One

Annotations:
D:5 3 runed translucent doors, Edmund; QuickerDeath's ghost, novice FoHu


Innate Abilities, Weirdness & Mutations

((You are very nimble when in or above water. (Stealth+, EV+, Speed+++)))
Your lower body shifts to a powerful aquatic tail in water.


Message History

The komodo dragon hisses angrily.
You hit the orc but do no damage.
The orc is poisoned.
You hit the orc.
The orc looks as sick as possible!
The orc is heavily wounded.
The orc hits you with a +0 mace.
You hit the orc.
You kill the orc!
You throw a poisoned dart.
The poisoned dart closely misses the komodo dragon.
Your +3 spear of venom stops dripping with poison.
b - a +1 vorpal glaive (weapon)
You reach to attack!
You barely miss the komodo dragon. You hit the komodo dragon.
The komodo dragon is lightly wounded.
The komodo dragon closely misses you.
You hit the komodo dragon but do no damage.
The komodo dragon is lightly wounded.
The komodo dragon bites you!
You barely miss the komodo dragon.
The komodo dragon is lightly wounded.
The komodo dragon bites you! The komodo dragon barely misses you.
You hit the komodo dragon.
The komodo dragon is lightly wounded.
The komodo dragon closely misses you.
You barely miss the komodo dragon.
The komodo dragon is lightly wounded.
The komodo dragon bites you but does no damage.
You slice the komodo dragon!!
The komodo dragon is severely wounded.
The komodo dragon bites you!
An orc comes into view. It is wielding a +0 club.
The orc shouts!
You hit the komodo dragon.
The komodo dragon is severely wounded.
The komodo dragon bites you!!
* * * LOW HITPOINT WARNING * * *
You barely miss the komodo dragon.
The komodo dragon is severely wounded.
The komodo dragon bites you!!
You die...

....#.###..##### #.#.#
#.......
.##............#...#z#
##.#.#.#
.####.###.######.#.#z# #.>...#
.. ...# ....# ...#.# ###.###
#######.#.#.# #.#.# .#
####.#.#.######...########.#
.##......#..............z..#.#
.......##.....).............#
#o...^(.....l@...........#....
#......o.#.####...########....
#...#..#.#.# #...# ##..
#.#......#.# #...# #z
#......###.# #...# .
#####..###.# #.$.# ## #......#
...# .#######.###### ....
....<)...#


You could see a komodo dragon and an orc.

Vanquished Creatures
  Maggie (D:6)
  Pargi (Sewer)
  3 ogres
  Blork the orc (D:4)
  A gnoll sergeant (D:6)
  3 bullfrogs
  2 scorpions
  2 wights (D:6)
  2 howler monkeys (D:6)
  3 hounds
  4 iguanas
  8 gnolls
  7 adders
  A shadow imp (D:6)
  2 white imps (D:5)
  An ufetubus (D:5)
  2 dart slugs
  A worm (D:2)
  2 orcs
  7 ball pythons
  6 endoplasms
  22 giant cockroaches
  6 goblins
  11 hobgoblins
  12 jackals
  6 quokkas
  3 frilled lizards
  12 kobolds
  5 rats
137 creatures vanquished.

Notes
Turn   | Place    | Note
-------+----------+-------------------------------------------
     0 | D:1      | tilp the Merfolk Gladiator began the quest for the Orb.
     0 | D:1      | Reached XP level 1. HP: 16/16 MP: 1/1
   212 | D:1      | Reached XP level 2. HP: 23/23 MP: 2/2
   302 | D:1      | Found a faded altar of an unknown god.
   549 | D:1      | Reached XP level 3. HP: 28/29 MP: 3/3
   983 | D:2      | Reached skill level 5 in Polearms
  1162 | D:2      | Reached XP level 4. HP: 34/35 MP: 4/4
  2078 | D:3      | Identified the +1 ring mail "Vilitromn" {Will+}
  2540 | D:4      | Noticed a bullfrog
  2549 | D:4      | Killed a bullfrog
  2550 | D:4      | Reached skill level 6 in Polearms
  2550 | D:4      | Reached XP level 5. HP: 35/42 MP: 5/5
  2637 | D:4      | Reached skill level 7 in Polearms
  3223 | D:4      | Noticed an ogre
  3230 | D:4      | Killed an ogre
  3231 | D:4      | Reached skill level 8 in Polearms
  3231 | D:4      | Reached XP level 6. HP: 38/48 MP: 6/6
  3300 | D:4      | Noticed Blork the orc
  3317 | D:4      | Killed Blork the orc
  3535 | D:4      | Reached skill level 1 in Evocations
  3566 | D:4      | Reached skill level 1 in Stealth
  3566 | D:4      | Reached XP level 7. HP: 55/55 MP: 7/7
  3932 | D:5      | Entered Level 5 of the Dungeon
  3932 | D:5      | Noticed QuickerDeath's ghost (novice FoHu)
  3932 | D:5      | Found a runed translucent gate.
  3932 | D:5      | Found a runed translucent gate.
  3932 | D:5      | Found a runed translucent gate.
  3953 | D:5      | Found a staircase to the Ecumenical Temple.
  4023 | D:5      | Noticed Edmund
  4174 | D:5      | Found a glowing drain.
  4334 | Sewer    | Entered a sewer
  4404 | Sewer    | Noticed Pargi
  4443 | Sewer    | Killed Pargi
  4462 | Sewer    | Reached skill level 5 in Fighting
  4882 | Temple   | Entered the Ecumenical Temple
  4987 | Temple   | Became a worshipper of Hepliaklqana the Forgotten
  5020 | D:5      | Reached XP level 8. HP: 46/62 MP: 8/8
  5290 | D:4      | Identified a scroll of acquirement
  5405 | D:6      | Reached skill level 9 in Polearms
  5420 | D:6      | Reached skill level 5 in Dodging
  5560 | D:6      | Noticed Maggie
  5566 | D:6      | Killed Maggie
  5567 | D:6      | Reached skill level 10 in Polearms
  5567 | D:6      | Reached XP level 9. HP: 42/69 MP: 9/9
  5651 | D:6      | Noticed a komodo dragon
  5667 | D:6      | HP: 2/69 [komodo dragon (26)]
  5668 | D:6      | Demolished by a komodo dragon

Illustrated notes

Levels and vault maps discovered:
D:1:      minmay_arrival_shattered_statue, layout_loops_ring,
          hellmonk_ecumenical_altar_dog_temple
D:2:      minmay_roachtagon, layout_basic
D:3:      layout_loops_ring
D:4:      layout_loops_cross, minmay_curled_crystal, kennysheep_minor_cross,
          hangedman_decor_opposing, uniq_blork_the_orc
D:5:      layout_gridville, minmay_temple_entry_waves, gup_sewer_entry_pipe,
          gammafunk_ghost_nasty_kobolds, uniq_edmund
D:6:      layout_loops_cross, enter_ossuary_2, hangedman_minor_gate_pass,
          uniq_maggie
Temple:   grunt_wide_crystal_templ

Skill      XL: |  1  2  3  4  5  6  7  8 |
---------------+-------------------------+-----
Fighting       | 3 4 5 6 |  6.0
Polearms       | 5 6 8 10 | 10.2
Evocations     | 1 2 4 |  4.0
Stealth        | 1 2 3 |  3.5
Throwing       | 3 |  3.7
Dodging        | 5 |  5.7

Action                   |  1- 3 |  4- 6 |  7- 9 || total
-------------------------+-------+-------+-------++-------
Melee: Trident           |   120 |   173 |   221 ||   514
       Punch             |     1 |     1 |     2 ||     4
       Spear             |       |       |    29 ||    29
       Glaive            |       |       |     9 ||     9
Throw: Stone             |    39 |     9 |       ||    48
       Throwing net      |     1 |     1 |     4 ||     6
       Dart              |       |    11 |     6 ||    17
       Boomerang         |       |       |     1 ||     1
Evoke: Wand              |       |     2 |     5 ||     7
  Use: Scroll            |     2 |     5 |     5 ||    12
       Potion            |       |       |     2 ||     2
 Stab: Sleeping          |       |       |     5 ||     5
       Held in net/web   |       |       |     1 ||     1
Armor: Leather armour    |     5 |       |       ||     5
       Scale mail        |    41 |    27 |       ||    68
       Ring mail         |       |    14 |    64 ||    78
Dodge: Dodged            |    70 |    66 |    87 ||   223

Table legend: (Time is in decaauts)
 A = Elapsed time spent in this place.
 B = Non-inter-level travel time spent in this place.
 C = Inter-level travel time spent in this place.
 D = Time resting spent in this place.
 E = Time spent auto-exploring this place.
 F = Levels seen in this place.
 G = Mean time per level.
                   A        B        C        D        E       F      G
               +--------+--------+--------+--------+--------+-----+--------+
         Total |   5604 |   5261 |    343 |    449 |   3375 |   8 |  700.5 |
       Dungeon |   5317 |   5006 |    311 |    449 |   3211 |   6 |  886.2 |
        Temple |    114 |     82 |     32 |      0 |     65 |   1 |  114.0 |
         Sewer |    172 |    172 |      0 |      0 |     99 |   1 |  172.0 |
               +--------+--------+--------+--------+--------+-----+--------+

Top non-repeatable levels by time:
     D:4: 1205 daAuts
     D:5: 1060 daAuts
     D:2: 1034 daAuts
     D:1: 942 daAuts
     D:3: 756 daAuts
     D:6: 318 daAuts
   Sewer: 172 daAuts
  Temple: 114 daAuts
